Map: Frozen Temple

Players

hinO

  • Race: Zerg Zerg
  • League: Master
  • Spawn Location: 5:00

DevilDog

  • Race: Zerg Zerg
  • League: Diamond
  • Spawn Location: 11:00

Amix

  • Race: Terran Terran
  • League: Platinum

ragequit

  • Race: Terran Terran
  • League: Gold

VOD

Have the link to the VOD?

Description

Time

  • Played on: Nov. 15, 2016, 2:09 p.m.
  • Length: 8:19
Show
View Real Time Build Order
Export as new Build Order

hinO Zerg 

Build Orders: Hatch First 

Get SALT Encoding   

  12  0:01  Drone  
  13  0:07  Drone  
  14  0:17  Overlord  
  14  0:24  Extractor  
  14  0:26  Drone  
  14  0:35  Drone x2  
  17  0:53  Hatchery  
  17  0:57  Drone  
  17  1:02  Extractor  
  17  1:03  Drone  
  17  1:17  Spawning Pool  
  16  1:19  Drone  
  16  1:24  Drone  
  18  1:32  Drone  
  19  1:38  Overlord  
  19  1:49  Drone  
  20  2:00  Drone  
  21  2:03  Metabolic Boost  
  21  2:05  Queen  
  23  2:12  Queen  
  23  2:14  Zergling x2  
  26  2:19  Zergling x2  
  26  2:20  Drone  
  28  2:23  Drone  
  28  2:27  Drone  
  30  2:32  Drone  
  31  2:38  Drone  
  32  2:45  Overlord  
  32  2:55  Drone x2  
  32  2:58  Pneumatized Carapace  
  34  3:02  Queen  
  34  3:03  Drone  
  34  3:04  Drone  
  38  3:10  Drone  
  39  3:13  Evolution Chamber  
  39  3:17  Zergling x2  
  39  3:22  Zergling x2  
  40  3:28  Zergling x8  
  44  3:38  Overlord x2  
  44  3:55  Queen  
  44  3:56  Zergling x10  
  44  3:58  Overlord  
  51  4:08  Overlord, Queen  
  53  4:10  Zergling x6  
  53  4:14  Overlord  
  56  4:18  Zerg Melee Weapons Level 1  
  56  4:32  Zergling x10  
  61  4:46  Zergling x12  
  61  4:47  Queen  
  69  5:01  Zergling x6  
  69  5:24  Zergling x10  
  68  5:29  Zergling x2  
  62  5:38  Zergling x4  
  62  5:39  Zergling x8  
  61  5:45  Zergling x4  
  55  5:54  Zergling x4  
  52  6:09  Zergling x8  
  56  6:11  Queen x2  
  56  6:13  Zerg Ground Armor Level 1  
  56  6:14  Overlord x4  
  60  6:19  Overlord  
  60  6:38  Zergling x4  
  60  6:39  Zergling x6  
  65  6:44  Baneling Nest, Zergling x8  
  68  6:47  Extractor  
  68  6:50  Zergling x2  
  63  7:14  Zergling x6  
  63  7:15  Zergling x10  
  71  7:17  Queen x2  
  75  7:25  Overlord x2  
  75  7:26  Zergling x2  
  76  7:33  Zergling x6  
Show
View Real Time Build Order
Export as new Build Order

DevilDog Zerg 

Build Orders:  

Get SALT Encoding   

  12  0:00  SCV  
  13  0:13  SCV  
  14  0:17  Supply Depot  
  14  0:25  SCV  
  15  0:39  SCV  
  16  0:45  Barracks  
  16  0:51  SCV  
  16  0:54  Refinery  
  17  1:03  SCV  
  18  1:15  SCV  
  19  1:32  Orbital Command  
  19  1:36  Reaper  
  20  1:41  Command Center  
  20  1:51  Barracks  
  20  1:58  SCV  
  21  2:09  Barracks Reactor  
  21  2:10  SCV  
  21  2:14  Supply Depot  
  22  2:21  Refinery  
  22  2:22  SCV  
  23  2:34  Factory  
  23  2:35  SCV  
  24  2:46  Marine x2  
  24  2:47  SCV  
  24  2:48  Barracks Tech Lab  
  27  2:58  Orbital Command  
  26  3:00  SCV  
  26  3:03  Marine  
  26  3:04  Marine  
  29  3:07  Marine  
  29  3:11  Stimpack  
  29  3:12  SCV  
  31  3:21  Starport  
  31  3:22  Marine  
  31  3:24  SCV  
  31  3:25  SCV  
  31  3:26  Marine  
  35  3:28  Marine  
  35  3:30  Factory Reactor  
  36  3:39  SCV  
  36  3:40  Marine  
  38  3:41  SCV  
  38  3:44  Marine  
  38  3:46  Marine  
  41  3:51  SCV, Supply Depot  
  41  3:54  SCV  
  43  3:57  Marine  
  43  4:02  Marine  
  45  4:06  SCV  
  46  4:13  SCV  
  46  4:14  Medivac x2  
  51  4:17  Supply Depot  
  51  4:21  Supply Depot  
  51  4:22  Engineering Bay  
  51  4:24  Marine x2, SCV  
  54  4:37  Factory Tech Lab  
  54  4:39  Marauder, SCV x2  
  54  4:42  Marine x2  
  60  4:46  Supply Depot  
  60  4:48  Engineering Bay  
  60  4:51  SCV  
  61  4:53  Terran Infantry Weapons Level 1  
  61  4:55  SCV  
  61  4:56  Refinery  
  61  4:57  Refinery  
  61  4:58  Siege Tank  
  65  5:00  Marine x2  
  65  5:01  Marine  
  65  5:03  SCV  
  53  5:44  Marine x3  
  51  5:58  SCV x2  
  51  6:01  Marine  
  51  6:02  Barracks Tech Lab  
  51  6:03  Factory Tech Lab, Starport Reactor  
  54  6:04  Command Center  
  54  6:08  Terran Infantry Armor Level 1  
  54  6:10  SCV x2  
  56  6:12  Marine  
  57  6:19  Marine  
  57  6:22  Marine, SCV x2, Supply Depot  
  61  6:27  Barracks  
  61  6:30  Marine  
  61  6:32  Barracks  
  62  6:35  SCV x2, Siege Tank  
  62  6:37  Marine  
  68  6:40  Marine  
  68  6:41  Armory  
  68  6:43  Medivac  
  71  6:48  Marine  
  72  6:55  Marine  
  64  7:04  Marine  
  64  7:06  Marine, SCV  
  64  7:07  SCV  
  68  7:13  Marine  
  68  7:15  Factory Reactor  
  69  7:16  Barracks Reactor, Supply Depot, Orbital Command  
  69  7:18  SCV  
  69  7:20  Barracks Reactor  
  69  7:21  SCV  
  69  7:22  Marine, Supply Depot  
  71  7:24  Marine  
  73  7:30  SCV  
  73  7:31  Marine  
  73  7:33  SCV  
  76  7:38  Supply Depot, Orbital Command  
  76  7:40  Marine  
  76  7:43  SCV  
  78  7:45  SCV  
  78  7:55  SCV  
Show
View Real Time Build Order
Export as new Build Order

Amix Terran 

Build Orders:  

Get SALT Encoding   

Show
View Real Time Build Order
Export as new Build Order

ragequit Terran 

Build Orders:  

Get SALT Encoding   

Tags
 
Add a new tag
Caveats
  • Supply blocks, unpowered buildings, or Contaminate may cause inaccurate times.
  • Supply counts are checked every 10 seconds.